 Dungeon Crawl Stone Soup version 0.25.1-2-g60ff931df9 (webtiles) character file.

Game seed: 15552039122997992392

1872 hawla the Conjurer (level 8, -6/57 (59) HPs)
             Began as a Pale Draconian Conjurer on Nov 16, 2020.
             Mangled by a scorpion (7 damage)
             ... on level 6 of the Dungeon.
             The game lasted 00:32:20 (9778 turns).

hawla the Conjurer (Pale Draconian Conjurer)        Turns: 9778, Time: 00:32:21

HP:   -6/57 (59)    AC:  7    Str: 11      XL:     8   Next: 91%
MP:   6/17          EV: 12    Int: 17      God:
Gold: 343           SH:  0    Dex: 11 (12) Spells: 8/19 levels left

rFire    . . .     SeeInvis .   j - +0 dagger (venom)
rCold    . . .     Gourm    .   (no shield)
rNeg     . . .     Faith    .   (armour unavailable)
rPois    .         Spirit   .   (helmet restricted)
rElec    .         Reflect  .   o - scarf {+Inv}
rCorr    .         Harm     .   h - +0 pair of gloves
MR       +....                  (no boots)
Stlth    +.........             (no amulet)
HPRegen  0.19/turn              (no ring)
MPRegen  0.15/turn              (no ring)

@: lethally poisoned (-6 -> -7)
A: breathe steam, unfitting armour, hooves 1, magic resistance 1, cold-blooded,
AC +6
a: Breathe Steam, Evoke Invisibility


You were on level 6 of the Dungeon.
You were hungry.

You visited 1 branch of the dungeon, and saw 6 of its levels.
You also visited: Ossuary.

You collected 343 gold pieces.

Inventory:

Hand Weapons
 j - a +0 dagger of venom (weapon)
Missiles
 l - 5 boomerangs (quivered)
 m - 8 atropa-tipped darts
Armour
 h - a +0 pair of gloves (worn)
 o - a scarf of invisibility (worn)
Scrolls
 a - a scroll of magic mapping
 c - a scroll of fog
 f - 2 scrolls of teleportation
 g - 3 scrolls of remove curse
 n - 2 scrolls of enchant armour
 q - 2 scrolls of identify
Potions
 e - a potion of flight
Comestibles
 b - 3 rations
 d - 2 chunks of flesh


   Skills:
 - Level 1.0 Fighting
 - Level 1.0 Throwing
 - Level 1.7 Dodging
 - Level 1.7 Stealth
 + Level 6.3 Spellcasting
 + Level 7.0 Conjurations
 + Level 5.0 Hexes
 + Level 4.1 Translocations
 - Level 1.0 Evocations


You had 8 spell levels left.
You knew the following spells:

 Your Spells              Type           Power        Failure   Level  Hunger
a - Magic Dart            Conj           ####         1%          1    None
b - Searing Ray           Conj           ####..       1%          2    None
c - Fulminant Prism       Conj/Hex       ####......   11%         4    ####...
d - Iskenderun's Mystic   Conj/Tloc      ###.....     12%         4    ####...

Your spell library contained the following spells:

 Spells                   Type           Power        Failure   Level  Hunger
 Dazzling Flash           Conj/Hex       ####..       3%          3    ##.....


Dungeon Overview and Level Annotations

Branches:
Dungeon (6/15)             Temple (0/1) D:6         Ossuary (visited)

Altars:
Cheibriados
Dithmenos
Elyvilon
Fedhas
Sif Muna
Xom
Zin
The Shining One

Shops:
D:6 [


Innate Abilities, Weirdness & Mutations

You can breathe blasts of scalding, opaque steam.
Your pale cyan-grey scales are hard. (AC +6)
You cannot fit into any form of body armour.
You are cold-blooded and may be slowed by cold attacks.
You have large cloven feet.
You are resistant to hostile enchantments. (MR+)


Message History

You feel sick. The leopard gecko closely misses you.
The crimson imp blinks!
Your surroundings suddenly seem different.
* * * LOW HITPOINT WARNING * * *
You feel sick.
* * * LOW HITPOINT WARNING * * *
You feel sick.
Found a staircase to the Ecumenical Temple.
Okay, then.
* * * LOW HITPOINT WARNING * * *
You feel sick.
* * * LOW HITPOINT WARNING * * *
You feel sick.
* * * LOW HITPOINT WARNING * * *
You feel sick.
There is a lethal amount of poison in your body!
A scorpion comes into view.
* * * LOW HITPOINT WARNING * * *
You feel sick. The scorpion stings you!
You die...

.... ......... . ..#.
.... ..#.#..... ......
....#. .....#.## ...#.
...... #.#.....##.#...
....... #.###.........#
.......##...###....##..
.......#........#..# #.#
......##..>..##.....##..
...#.s@.....#...#..###<
......###...##...##.# ##
?.... ###.#....##.# #
.... ...#.#....##..###
... ..................
.. .....#.#.........# .
... ......... #.#
......... .........


You could see a scorpion.

Vanquished Creatures
  Edmund (D:5)
  Duvessa (D:5)
  2 phantoms (D:5)
  3 ogres
  Blork the orc (D:5)
  Dowan (D:5)
  2 scorpions (D:5)
  A vampire bat (D:6)
  2 crimson imps
  A howler monkey (D:5)
  A quasit (D:6)
  A human zombie (Ossuary)
  2 hounds (D:5)
  A gnoll shaman (D:4)
  2 orc priests
  Jessica (D:3)
  Terence (D:2)
  2 iguanas
  An orc wizard (D:5)
  3 worker ants
  2 big kobold zombies (Ossuary)
  2 hound zombies (Ossuary)
  A hound skeleton (D:4)
  3 mummies (Ossuary)
  Robin (D:4)
  14 gnolls
  2 adders
  An ooze (D:2)
  2 adder zombies (D:5)
  2 worms
  6 dart slugs
  3 leopard geckos
  12 orcs
  A ball python (D:5)
  11 bats
  6 giant cockroaches
  19 goblins
  5 hobgoblins
  3 quokkas
  9 frilled lizards
  3 goblin zombies (Ossuary)
  2 hobgoblin zombies (Ossuary)
  5 jackal zombies (Ossuary)
  6 kobolds
  11 kobold zombies (Ossuary)
  An orc zombie (Ossuary)
  A quokka skeleton (D:5)
  4 quokka zombies
  6 rats
  4 rat zombies (Ossuary)
178 creatures vanquished.

Vanquished Creatures (others)
  13 fulminant prisms
13 creatures vanquished.

Grand Total: 191 creatures vanquished

Notes
Turn   | Place    | Note
-------+----------+-------------------------------------------
     0 | D:1      | hawla the Draconian Conjurer began the quest for the Orb.
     0 | D:1      | Reached XP level 1. HP: 14/14 MP: 3/3
   785 | D:1      | Reached skill level 1 in Fighting
   785 | D:1      | Reached XP level 2. HP: 23/23 MP: 3/5
  1044 | D:1      | Reached skill level 1 in Throwing
  1545 | D:2      | Learned a level 2 spell: Searing Ray
  1670 | D:2      | Reached XP level 3. HP: 28/28 MP: 4/7
  2022 | D:2      | Noticed Terence
  2031 | D:2      | Killed Terence
  2031 | D:2      | Reached XP level 4. HP: 27/35 MP: 0/9
  2039 | D:2      | Learned a level 4 spell: Fulminant Prism
  2485 | D:2      | Found a shadowy altar of Dithmenos.
  2485 | D:2      | Found a faded altar of an unknown god.
  2490 | D:2      | Found a faded altar of an unknown god.
  2492 | D:2      | Found a white marble altar of Elyvilon.
  2493 | D:2      | Found a snail-covered altar of Cheibriados.
  2995 | D:3      | Reached skill level 1 in Hexes
  3321 | D:3      | Found a blossoming altar of Fedhas.
  3382 | D:3      | Noticed Jessica
  3389 | D:3      | Killed Jessica
  3389 | D:3      | Reached XP level 5. HP: 30/40 MP: 1/11
  3470 | D:3      | Learned a level 4 spell: Iskenderun's Mystic Blast
  3626 | D:3      | Found a shimmering blue altar of Sif Muna.
  3628 | D:3      | Found a shimmering altar of Xom.
  3628 | D:3      | Found a glowing golden altar of the Shining One.
  3630 | D:3      | Found a white marble altar of Elyvilon.
  3630 | D:3      | Found a shimmering altar of Xom.
  3630 | D:3      | Found a shadowy altar of Dithmenos.
  4354 | D:4      | Found a sand-covered staircase.
  4376 | Ossuary  | Entered an ossuary
  4634 | Ossuary  | Reached XP level 6. HP: 7/47 MP: 0/12
  4922 | Ossuary  | Reached skill level 5 in Conjurations
  5579 | D:4      | Noticed Robin
  5585 | D:4      | Killed Robin
  5790 | D:4      | Your scales start taking on a pale cyan-grey colour.
  5790 | D:4      | Reached XP level 7. HP: 17/52 MP: 2/14
  6082 | D:4      | Reached skill level 5 in Spellcasting
  6441 | D:4      | Reached skill level 1 in Translocations
  7242 | D:4      | Found a glowing silver altar of Zin.
  7702 | D:5      | Entered Level 5 of the Dungeon
  7832 | D:5      | Noticed Duvessa
  7839 | D:5      | Noticed Dowan
  8581 | D:5      | Killed Duvessa
  8581 | D:5      | Reached skill level 1 in Evocations
  8660 | D:5      | Reached skill level 6 in Conjurations
  8668 | D:5      | Killed Dowan
  8668 | D:5      | Reached XP level 8. HP: 28/59 MP: 6/16
  9013 | D:5      | Noticed Blork the orc
  9022 | D:5      | Killed Blork the orc
  9432 | D:5      | Noticed Edmund
  9446 | D:5      | Killed Edmund
  9648 | D:6      | Found Igow's Antique Armour Emporium.
  9654 | D:6      | Gained mutation: You are resistant to hostile enchantments.
                  | (MR+) [potion of mutation]
  9654 | D:6      | Gained mutation: You have large cloven feet. [potion of
                  | mutation]
  9727 | D:6      | Reached skill level 5 in Hexes
  9730 | D:6      | Reached skill level 7 in Conjurations
  9767 | D:6      | Found a staircase to the Ecumenical Temple.
  9771 | D:6      | HP: 2/57 [poisoned by a worker ant]
  9778 | D:6      | Mangled by a scorpion

Illustrated notes

Levels and vault maps discovered:
D:1:      psy_arrival_radial02, layout_basic
D:2:      layout_loops_ring, chequers_temple_overflow_minitemple, uniq_terence
D:3:      layout_basic, lemuel_doored_altar, doesnt_xom_only_xom, minivault_25,
          corexii_shack, uniq_jessica
D:4:      layout_cave_pods, lemuel_crystal_altar, first_ration,
          chequers_ossuary_entry_cave, uniq_robin
D:5:      layout_basic, okawaru_gym_becter, grunt_ministairs_4,
          kennysheep_another_room, abandoned_shop, nicolae_ru_path_of_blood,
          uniq_duvessa, uniq_blork_the_orc, uniq_edmund
D:6:      layout_rooms, minmay_temple_entry_slanted, serial_shops,
          nicolae_shop_stone, roderic_batcave

Skill      XL: |  1  2  3  4  5  6  7  8 |
---------------+-------------------------+-----
Fighting       | 1 |  1.0
Throwing       | 1 |  1.0
Spellcasting   | 3 4 5 6 |  6.3
Hexes          | 1 2 3 4 5 |  5.0
Conjurations   | 5 6 7 |  7.0
Translocations | 2 4 |  4.1
Evocations     | 1 |  1.0
Dodging        | |  1.7
Stealth        | |  1.7

Action                   |  1- 3 |  4- 6 |  7- 9 || total
-------------------------+-------+-------+-------++-------
Melee: Unarmed           |    13 |       |       ||    13
       Tailslap          |     3 |     5 |    12 ||    20
       Dagger            |     2 |    86 |    86 ||   174
       Kick              |       |       |     4 ||     4
Throw: Boomerang         |       |     8 |     2 ||    10
 Cast: Magic Dart        |    54 |    73 |    81 ||   208
       Searing Ray       |     7 |    30 |    33 ||    70
       Fulminant Prism   |       |     4 |     9 ||    13
       Iskenderun's Myst |       |     5 |     8 ||    13
 Abil: Breathe Steam     |       |       |     2 ||     2
  Use: Scroll            |     5 |     7 |     5 ||    17
       Potion            |       |     5 |     5 ||    10
  Eat: Chunk             |     4 |    12 |     6 ||    22
       Ration            |       |     1 |     3 ||     4
Armor: Skin              |    11 |    70 |   108 ||   189
Dodge: Dodged            |    23 |   111 |   194 ||   328
